 Dungeon Crawl Stone Soup version 0.31-a0-188-g5e087ee2ca (webtiles) character file.

Game seed: 342567977537728104

44 qw the Shooter (level 3, 0/20 HPs)
             Began as a Deep Elf Hunter on June 23, 2023.
             Succumbed to their own poison gas
             ... on level 2 of the Dungeon.
             The game lasted 00:00:26 (1489 turns).

qw the Shooter (Deep Elf Hunter)                    Turns: 1489, Time: 00:00:27

Health: 0/20       AC:  5    Str: 10    XL:     3   Next: 39%
Magic:  5/5        EV: 11    Int: 13    God:
Gold:   59         SH:  0    Dex: 18    Spells: 2/2 levels left

rFire   . . .        f - +0 shortbow (heavy)
rCold   . . .        (shield currently unavailable)
rNeg    . . .        h - +0 ring mail
rPois   .            (no helmet)
rElec   .            (no cloak)
rCorr   .            (no gloves)
SInv    .            (no boots)
Will    .....        (no amulet)
Stlth   +            (no ring)
HPRegen 0.23/turn    (no ring)
MPRegen 0.09/turn

%: no passive effects
@: lethally poisoned (0 -> -2)
A: no striking features
a: no special abilities


You were on level 2 of the Dungeon.
You visited 1 branch of the dungeon, and saw 2 of its levels.

You collected 59 gold pieces.


   Skills:
 - Level 1.5 Fighting
 + Level 7.0 Ranged Weapons
 - Level 2.4 Dodging
 - Level 1.2 Stealth


You had 2 spell levels left.
You didn't know any spells.
Your spell library was empty.

Inventory:

Hand Weapons
 f - a +0 heavy shortbow (weapon)
Armour
 h - a +0 ring mail (worn)
Potions
 b - a potion of might {unknown}
 d - a potion of degeneration {unknown}
 g - a potion of attraction {unknown}
 i - a potion of haste {unknown}

Dungeon Overview and Level Annotations

Branches:
Dungeon (2/15)

Altars:
Xom

Shops:
D:1 (*[*=


Message History

Enter note:
Enter note: Done exploring.
1481 ||| READING scroll labelled FUYQIOWOIR.
Blink to where?
Press: ? - help, Dir - move target, f - you Are you sure you want to cancel this blink?
As you read the scroll labelled FUYQIOWOIR, it crumbles to dust.
It was a scroll of blinking.
Done exploring.
(D) Dungeon
Where to? (* - list waypoints, Enter - D:2, ? - help)
What level of the Dungeon? (default 1, ? - help) Sorry, I don't know how to get there.
Enter note:
Enter note:
Enter note:
Enter note:
Enter note:
Enter note:
Enter note:
Enter note:
Enter note: Really walk into that cloud of poison gas?
You are engulfed in poison gas.
You are poisoned.
You feel very sick.
1483 ||| Stepping ~*~*~tactically~*~*~ (cloud).
You feel sick.
There is a lethal amount of poison in your body!
You feel sick.
There is a lethal amount of poison in your body!
You feel sick.
There is a lethal amount of poison in your body!
You feel sick.
There is a lethal amount of poison in your body!
You feel sick.
There is a lethal amount of poison in your body!
You feel sick.
There is a lethal amount of poison in your body!
You die...

############### ######
############### .....#
###############
..##.###################
..##............########
...#..##.##.###.########
...#..##.##.###.########
.........##.###0@ยค.0####
<.....#####.#######0####
#####.......#######.####
# ###############.####
#.......#####...####
#####.......#####.#.####
...##.......#####...####
##.##.......######.#####
#.##.......# #.#


There were no monsters in sight!

Vanquished Creatures
  A worm (D:2)
  A dart slug (D:2)
  4 bats
  7 endoplasms
  2 giant cockroaches
  3 goblins
  2 hobgoblins (D:2)
  3 kobolds
  A quokka (D:2)
  5 ball pythons
  2 frilled lizards
  3 rats (D:2)
34 creatures vanquished.

Notes
Turn   | Place    | Note
-------+----------+-------------------------------------------
     0 | D:1      | qw the Deep Elf Hunter began the quest for the Orb.
     0 | D:1      | Reached XP level 1. HP: 12/12 MP: 3/3
     0 | D:1      | 0 ||| qw: Version: 0.3-a-9-g12657ce
     0 | D:1      | 0 ||| qw: Game counter: 3576
     0 | D:1      | 0 ||| qw: Always use a shield: true
     0 | D:1      | 0 ||| qw: God list: Okawaru
     0 | D:1      | 0 ||| qw: Allow faded altars: false
     0 | D:1      | 0 ||| qw: Do Orc after D:15 true
     0 | D:1      | 0 ||| qw: Do second Lair branch before Depths: true
     0 | D:1      | 0 ||| qw: Lair rune preference: random
     0 | D:1      | 0 ||| qw: Plans: Normal
     0 | D:1      | 0 ||| PLANNING D:1-11
    18 | D:1      | Found Yrchak's Weapon Emporium.
    26 | D:1      | 26 ||| DROPPING scroll of butterflies.
   364 | D:1      | Found Fesoelal's General Store.
   369 | D:1      | 369 ||| SHOPLISTING +6 ring of strength (432 gold, have
                  | 30).
   369 | D:1      | 369 ||| SHOPLISTING ring of positive energy (240 gold, have
                  | 30).
   369 | D:1      | 369 ||| SHOPLISTING scroll of enchant weapon (90 gold, have
                  | 30).
   390 | D:1      | Found Zetanian's General Store.
   400 | D:1      | Found Okaqelixt's Armour Boutique.
   403 | D:1      | 403 ||| SHOPLISTING +2 robe of resistance (527 gold, have
                  | 30).
   403 | D:1      | 403 ||| SHOPLISTING potion of heal wounds (70 gold, have
                  | 30).
   411 | D:1      | 411 ||| SHOPLISTING +0 ring mail (48 gold, have 30).
   411 | D:1      | 411 ||| SHOPLISTING +2 robe of cold resistance (212 gold,
                  | have 30).
   482 | D:1      | Found Goceixost's Jewellery Shop.
   485 | D:1      | 485 ||| SHOPLISTING +4 ring of protection (504 gold, have
                  | 48).
   485 | D:1      | 485 ||| SHOPLISTING +6 ring of strength (504 gold, have
                  | 48).
   485 | D:1      | 485 ||| SHOPLISTING amulet of regeneration (420 gold, have
                  | 48).
   485 | D:1      | 485 ||| SHOPLISTING ring of ice (350 gold, have 48).
   485 | D:1      | 485 ||| SHOPLISTING ring of positive energy (280 gold, have
                  | 48).
   485 | D:1      | 485 ||| SHOPLISTING ring of resist corrosion (280 gold,
                  | have 48).
   485 | D:1      | 485 ||| SHOPLISTING ring of willpower (350 gold, have 48).
   495 | D:1      | Reached XP level 2. HP: 16/16 MP: 4/4
   520 | D:1      | Reached skill level 6 in Ranged Weapons
   569 | D:1      | Found a faded altar of an unknown god.
   726 | D:1      | 726 ||| UPGRADING to +0 scale mail.
   736 | D:1      | 736 ||| DROPPING +0 leather armour.
   737 | D:1      | 737 ||| UPGRADING to +0 ring mail.
   747 | D:1      | 747 ||| DROPPING +0 scale mail.
   748 | D:1      | 748 ||| READING scroll labelled GAOM WUYFUATH.
   749 | D:1      | 749 ||| READING scroll labelled KANARI JO EHI.
   821 | D:2      | HP: 4/16 [worm (6)]
   990 | D:2      | Found a shimmering altar of Xom.
  1096 | D:2      | HP: 4/16 [constriction (1)]
  1100 | D:2      | Reached XP level 3. HP: 3/20 MP: 5/5
  1402 | D:2      | Reached skill level 7 in Ranged Weapons
  1475 | D:2      | 1475 ||| READING scroll labelled YZEEHECLU DINU.
  1478 | D:2      | 1478 ||| READING scroll labelled SOROER VAVECK.
  1479 | D:2      | 1479 ||| READING scroll labelled MEWNOE PAXAN.
  1480 | D:2      | 1480 ||| READING scroll labelled QOM NUKHEGEICHA.
  1481 | D:2      | 1481 ||| READING scroll labelled FUYQIOWOIR.
  1483 | D:2      | 1483 ||| Stepping ~*~*~tactically~*~*~ (cloud).
  1484 | D:2      | HP: 5/20 [poisoned by you (poison gas)]
  1486 | D:2      | HP: 2/20 [poisoned by you (poison gas)]
  1489 | D:2      | Succumbed to their own poison gas

Levels and vault maps discovered:
D:1:      spicycebolla_arrival_xxxplode, layout_basic, basic_ecumenical_altar,
          serial_shops, shop, shop, shop, nicolae_shop_tiny_waterfront,
          nicolae_shop_tiny_real_fake_doors
D:2:      layout_loops_cross, basic_altar

Skill      XL: |  1  2  3 |
---------------+----------+-----
Ranged Weapons | 6 7 |  7.0
Fighting       | |  1.5
Dodging        | |  2.4
Stealth        | |  1.2

Action                     || total
---------------------------++-------
   Fire: Shortbow          ||    71
    Use: Scroll            ||     7
 Armour: Ring mail         ||    10
  Dodge: Dodged            ||    15

Table legend:
 A = Non-vault XP
 B = Vault XP
 C = Vault XP percentage of total XP
 D = Non-vault monster count
 E = Vault monster count
 F = Vault count percentage of total count
                 A         B        C        D         E       F
            +---------+---------+-------+---------+---------+-------
      Total |      63 |       0 |   0.0 |      34 |       0 |   0.0
            +---------+---------+-------+---------+---------+-------
        D:1 |      14 |       0 |   0.0 |       8 |       0 |   0.0
        D:2 |      49 |       0 |   0.0 |      26 |       0 |   0.0
            +---------+---------+-------+---------+---------+-------
